 Dungeon Crawl Stone Soup version 0.29-a0-719-g0fec994a2d (webtiles) character file.

Game seed: 11625741657270016578

13185 Bnni the Cleaver (level 11, -26/90 HPs)
             Began as a Demonspawn Gladiator on June 26, 2022.
             Was an Elder of Qazlal.
             Annihilated by an enormous slime creature (58 damage)
             ... on level 12 of the Dungeon on June 27, 2022.
             The game lasted 00:27:10 (12826 turns).

Bnni the Cleaver (Demonspawn Gladiator)            Turns: 12826, Time: 00:27:11

Health: -26/90     AC: 18    Str: 18    XL:     11   Next: 72%
Magic:  16/19      EV:  5    Int: 10    God:    Qazlal [****..]
Gold:   441        SH:  5    Dex: 15    Spells: 10/10 levels left

rFire   + . .      SeeInvis .   d - +2 demon trident (venom)
rCold   + . .      Faith    +   (no shield)
rNeg    . . .      Spirit   .   E - +4 plate armour
rPois   .          Reflect  .   c - +0 helmet
rElec   .          Harm     .   l - scarf {rC+ rF+}
rCorr   .          Rampage  .   (no gloves)
Will    .....                   (no boots)
Stlth   ..........              s - amulet of faith
HPRegen 0.25/turn               L - ring of flight
MPRegen 0.16/turn               (no ring)

@: flying, repel missiles
A: yellow scales 2, demonic guardian 1, powered by death 1, demonic touch 2
a: Renounce Religion, Upheaval, Elemental Force


You were on level 12 of the Dungeon.
You worshipped Qazlal.
Qazlal was greatly pleased with you.
You visited 1 branch of the dungeon, and saw 12 of its levels.

You collected 627 gold pieces.
You spent 186 gold pieces at shops.

Inventory:

Hand Weapons
 a - a +0 war axe
 d - a +2 demon trident of venom (weapon)
 m - the +6 spear of Carved Gallantry {flame, rPois}
   (You found it on level 10 of the Dungeon)

   It burns those it strikes, dealing additional fire damage.
   rPois:     It protects you from poison.
 B - the +7 sling of Punishment {vorpal, rElec Dex+7}
   (You found it on level 5 of the Dungeon)

   Any ammunition fired from it inflicts extra damage upon your enemies.
   Dex:       It affects your dexterity (+7).
   rElec:     It insulates you from electricity.
 N - a +0 bardiche of protection
Missiles
 e - 9 javelins (quivered)
 O - 2 throwing nets
Armour
 c - a +0 helmet (worn)
 l - a scarf of resistance (worn)
 E - a +4 plate armour (worn)
Jewellery
 s - an amulet of faith (around neck)
 A - a ring of fire
 D - a ring of ice
 K - a ring of ice
 L - a ring of flight (left hand)
Scrolls
 b - 3 scrolls of summoning {unknown}
 j - 6 scrolls of enchant armour {unknown}
 p - 2 scrolls of noise {unknown}
 q - 4 scrolls of teleportation {unknown}
 u - a scroll of fear {unknown}
 w - a scroll of enchant weapon
 x - a scroll of amnesia
 y - 2 scrolls of poison {unknown}
 C - 5 scrolls of magic mapping {unknown}
 F - 3 scrolls of blinking {unknown}
 G - 4 scrolls of immolation {unknown}
 I - a scroll of acquirement {unknown}
 J - 4 scrolls of fog
 M - 2 scrolls of vulnerability {unknown}
Potions
 f - a potion of cancellation
 g - 8 potions of curing
 h - 5 potions of mutation
 i - 2 potions of berserk rage
 k - 2 potions of heal wounds
 n - a potion of brilliance
 o - 2 potions of magic
 r - 6 potions of might
 t - a potion of haste
 v - 4 potions of invisibility
 z - 3 potions of attraction
 H - a potion of resistance


   Skills:
 + Level 10.0 Fighting
 * Level 12.8 Axes
 - Level 1.7 Throwing
 - Level 2.6 Dodging
 + Level 11.6 Invocations


You had 10 spell levels left.
You didn't know any spells.
Your spell library contained the following spells:

 Spells                   Type           Power      Damage    Failure   Level
 Scorch                   Fire           0%         2d5       100%        2
 Sublimation of Blood     Necr           0%         N/A       100%        2
 Wereblood                Tmut           0%         N/A       100%        2
 Ozocubu's Armour         Ice            0%         N/A       100%        3
 Flame Wave               Conj/Fire      0%         2d4       100%        4
 Petrify                  Tmut/Erth      0%         N/A       100%        4
 Summon Lightning Spire   Summ/Air       0%         N/A       100%        4
 Irradiate                Conj/Tmut      0%         3d13      100%        5
 Metabolic Englaciation   Hex/Ice        0%         N/A       100%        5
 Simulacrum               Ice/Necr       0%         N/A       100%        6
 Summon Cactus Giant      Summ           0%         N/A       100%        6
 Storm Form               Tmut/Air       0%         N/A       100%        7
 Summon Hydra             Summ           0%         N/A       100%        7
 Maxwell's Capacitive Co  Air            0%         ∞         100%        8


Dungeon Overview and Level Annotations

Branches:
Dungeon (12/15)            Temple (0/1) D:5            Lair (0/6) D:8
    Orc: D:9-12

Altars:
Gozag
Nemelex Xobeh
Okawaru
Qazlal
Sif Muna
Uskayaw
Yredelemnul

Shops:
D:4 !*?*!   D:5 [   D:7 *   D:9 [?[(


Innate Abilities, Weirdness & Mutations

You are mostly covered in yellow scales. (AC +3)
A weak demonic guardian rushes to your aid.
You regenerate a little health from kills.
Your touch may inflict irresistible damage on your foes.


Message History

You touch the large slime creature!
The large slime creature is moderately wounded.
You reach to attack!
You barely miss the large slime creature.
The large slime creature is moderately wounded.
You hit the large slime creature.
The large slime creature is moderately wounded.
The large slime creature hits you!
You puncture the large slime creature!
You touch the large slime creature!
The large slime creature is heavily wounded.
You puncture the large slime creature!
The large slime creature looks even sicker.
You touch the large slime creature!
The large slime creature is severely wounded.
The large slime creature hits you but does no damage.
Two slime creatures merge to form a very large slime creature.
You barely miss the very large slime creature.
The very large slime creature is heavily wounded.
Two slime creatures merge to form an enormous slime creature.
The enormous slime creature attacks as you move away!
The enormous slime creature hits you!!!
Ouch! That really hurt!
Aiming: Upheaval
Press: ? - help, Dir - move target, p - enormous slime creature Magma suddenly erupts from the ground!
The enormous slime creature hits you but does no damage.
Unknown command.
Throw: 10 javelins
Press: ? - help, Q - select action, (/) - cycle Shift-Dir - straight line, f - enormous slime creature
Aim: an enormous slime creature (moderately wounded, poisoned, 84% to hit)
You throw a javelin.
The javelin pierces through the enormous slime creature but does no damage.
The enormous slime creature is moderately wounded.
The javelin pierces through the slime creature.
The slime creature is lightly wounded.
The enormous slime creature looks more healthy.
The enormous slime creature barely misses you.
The enormous slime creature hits you!!!
Ouch! That really hurt!
You die...

.#..###.#+###.##.##J.##.....
.#.............#(##..# .....
##.####....##..#.##J....>...
#.........##..#.##..J.# ##
#######...##..#.##..J.#
+...##..#J##....#
#####...##..#.##.....
............#J##......
###########.#@#
.........#.#.#
########.#.#.# #.#'#.#
#.....# ##....# #.#
########....# #.#
.......'....# #.#
########....#


You could see an enormous slime creature and a slime creature.

Vanquished Creatures
  Snorg (D:11)
  5 two-headed ogres
  An ugly thing (D:12)
  A manticore (D:6)
  2 kobold demonologists
  2 trolls
  A hornet (D:9)
  A vampire (D:10)
  A wyvern (D:9)
  16 yaks
  An acid dragon (D:9)
  A water moccasin (D:5)
  4 orc warriors
  A black bear (D:7)
  A sky beast (D:7)
  An ogre (D:4)
  A centaur (D:10)
  A phantom (D:5)
  2 kobold brigands (D:8)
  3 bullfrogs
  3 necrophages
  2 scorpions
  5 wights (D:9)
  4 killer bees
  8 howler monkeys
  3 lava snakes (D:9)
  3 hounds
  3 jellies
  3 orc priests
  2 gnoll shamans
  4 iguanas
  Natasha (twice) (D:2)
  14 orc wizards
  Robin (D:4)
  17 gnolls
  12 adders
  A white imp (D:8)
  3 worms
  A dart slug (D:3)
  26 orcs
  12 endoplasms
  4 giant cockroaches
  16 goblins
  10 hobgoblins
  10 jackals
  2 quokkas
  6 ball pythons
  9 bats
  4 frilled lizards
  9 kobolds
  5 rats
251 creatures vanquished.

Vanquished Creatures (collateral kills)
  Urug (D:11)
  A komodo dragon (D:10)
  5 yaks
7 creatures vanquished.

Vanquished Creatures (others)
  2 fungi (D:5)
2 creatures vanquished.

Grand Total: 260 creatures vanquished

Notes
Turn   | Place    | Note
-------+----------+-------------------------------------------
     0 | D:1      | Bnni the Demonspawn Gladiator began the quest for the Orb.
     0 | D:1      | Reached XP level 1. HP: 16/16 MP: 1/1
    10 | D:1      | Found a faded altar of an unknown god.
    44 | D:1      | Prayed at the altar of an unknown god.
    44 | D:1      | Became a worshipper of Qazlal Stormbringer
    44 | D:1      | Reached * piety under Qazlal
   119 | D:1      | Reached skill level 3 in Axes
   279 | D:1      | Gained mutation: You are partially covered in yellow
                  | scales. (AC +2) [demonic ancestry]
   279 | D:1      | Reached XP level 2. HP: 18/22 MP: 2/2
   768 | D:1      | Gained mutation: Your touch may inflict minor irresistible
                  | damage on your foes. [demonic ancestry]
   768 | D:1      | Reached XP level 3. HP: 28/28 MP: 3/3
  1209 | D:2      | Reached ** piety under Qazlal
  1229 | D:2      | Found a sparkling altar of Nemelex Xobeh.
  1406 | D:2      | Reached skill level 4 in Axes
  1406 | D:2      | Reached XP level 4. HP: 31/34 MP: 4/4
  1462 | D:2      | Noticed Natasha
  1469 | D:2      | Killed Natasha
  1517 | D:2      | Noticed Natasha
  1521 | D:2      | Killed Natasha
  1939 | D:3      | Gained mutation: A weak demonic guardian rushes to your
                  | aid. [demonic ancestry]
  1939 | D:3      | Reached XP level 5. HP: 36/41 MP: 5/5
  2449 | D:3      | Reached skill level 5 in Axes
  2753 | D:3      | Reached *** piety under Qazlal
  3023 | D:4      | Found Qixe's Magic Scroll Shop.
  3031 | D:4      | Bought a scroll of identify for 20 gold pieces
  3039 | D:4      | Noticed an ogre
  3044 | D:4      | Found Umemeoh's Distillery.
  3049 | D:4      | Killed an ogre
  3050 | D:4      | Reached XP level 6. HP: 29/48 MP: 6/6
  3246 | D:4      | Reached skill level 1 in Invocations
  3319 | D:4      | Found Yda Betu's General Store.
  3319 | D:4      | Noticed Robin
  3321 | D:4      | Killed Robin
  3490 | D:4      | Reached skill level 6 in Axes
  3507 | D:4      | Reached XP level 7. HP: 50/55 MP: 8/8
  3639 | D:4      | Found Igaep's General Store.
  3816 | D:4      | Found Azucs's Distillery.
  4304 | D:5      | Entered Level 5 of the Dungeon
  4366 | D:5      | Identified the +7 sling of Punishment {vorpal, rElec Dex+7}
  4592 | D:5      | Reached skill level 5 in Fighting
  4647 | D:5      | Found a staircase to the Ecumenical Temple.
  4676 | D:5      | Found Sibor's Armour Shoppe.
  4686 | D:5      | Reached skill level 7 in Axes
  4687 | D:5      | Gained mutation: You regenerate a little health from kills.
                  | [demonic ancestry]
  4687 | D:5      | Reached XP level 8. HP: 51/62 MP: 9/11
  4692 | D:5      | Reached **** piety under Qazlal
  4729 | D:5      | Upgraded the game from 0.29-a0-716-gf28ee254f9 to
                  | 0.29-a0-719-g0fec994a2d
  5342 | D:6      | Reached skill level 5 in Invocations
  5571 | D:6      | Noticed a kobold demonologist
  5571 | D:6      | Noticed a manticore
  5575 | D:6      | Noticed a rust devil
  5575 | D:6      | Killed a kobold demonologist
  5576 | D:6      | Reached skill level 8 in Axes
  5578 | D:6      | Killed a manticore
  5579 | D:6      | Reached XP level 9. HP: 49/71 MP: 9/13
  6130 | D:7      | Found Fowuu's General Store.
  6141 | D:7      | Bought a scroll of identify for 26 gold pieces
  6480 | D:7      | Reached skill level 9 in Axes
  6502 | D:7      | Found a hide-covered altar of Uskayaw.
  6654 | D:7      | Found a shimmering blue altar of Sif Muna.
  6655 | D:7      | Found a basalt altar of Yredelemnul.
  7443 | D:8      | Found an opulent altar of Gozag.
  7443 | D:8      | Found a sparkling altar of Nemelex Xobeh.
  7569 | D:8      | Reached ***** piety under Qazlal
  7864 | D:8      | Found a staircase to the Lair.
  7999 | D:9      | Reached skill level 10 in Axes
  8054 | D:9      | Found Jeamaseq's Magic Scroll Shoppe.
  8055 | D:9      | Found Xegev's Weapon Shoppe.
  8055 | D:9      | Found Cisit's Armour Shoppe.
  8057 | D:9      | Found Upsi's Armour Shoppe.
  8061 | D:9      | Bought a scroll of identify for 28 gold pieces
  8061 | D:9      | Bought 3 scrolls of identify for 84 gold pieces
  8061 | D:9      | Bought a scroll of fog for 28 gold pieces
  8072 | D:9      | Noticed a two-headed ogre
  8082 | D:9      | Killed a two-headed ogre
  8083 | D:9      | Gained mutation: Your touch may inflict irresistible damage
                  | on your foes. [demonic ancestry]
  8083 | D:9      | Reached XP level 10. HP: 33/80 MP: 16/16
  8991 | D:9      | Paralysed by a hornet for 2 turns
  9163 | D:9      | You are sucked into a shaft and drop 1 floor!
  9163 | D:10     | Entered Level 10 of the Dungeon
  9212 | D:10     | Reached skill level 11 in Axes
  9458 | D:10     | Identified the +0 ring mail of Wasted Space {Harm rElec
                  | Int+2}
  9792 | D:10     | Noticed a two-headed ogre
  9805 | D:10     | Killed a two-headed ogre
  9806 | D:10     | Reached skill level 10 in Invocations
 10047 | D:10     | Identified the +6 spear of Carved Gallantry {flame, rPois}
 10059 | D:10     | Noticed a two-headed ogre
 10066 | D:10     | Killed a two-headed ogre
 10067 | D:10     | Gained mutation: You are mostly covered in yellow scales.
                  | (AC +3) [demonic ancestry]
 10067 | D:10     | Reached XP level 11. HP: 72/89 MP: 18/18
 10326 | D:10     | Found an iron altar of Okawaru.
 10578 | D:11     | Noticed a two-headed ogre
 10585 | D:11     | Killed a two-headed ogre
 10586 | D:11     | Reached skill level 12 in Axes
 11006 | D:11     | Noticed Snorg
 11016 | D:11     | Killed Snorg
 11056 | D:11     | Noticed a two-headed ogre
 11064 | D:11     | Killed a two-headed ogre
 11820 | D:11     | Noticed Urug
 11833 | D:11     | Killed Urug
 12418 | D:12     | Noticed a brown ugly thing
 12430 | D:12     | Killed a brown ugly thing
 12431 | D:12     | Reached skill level 10 in Fighting
 12826 | D:12     | Annihilated by an enormous slime creature

Illustrated notes

Levels and vault maps discovered:
D:1:      dpeg_arrival_rooms_with_view, layout_basic,
          chequers_ecumenical_altar_island
D:2:      layout_basic, basic_altar, uniq_natasha
D:3:      layout_basic
D:4:      layout_loops_ring, serial_shops, nicolae_inconvenience_store,
          shop_statue, nicolae_diamond_shop, nicolae_shop_trees, shop_statue,
          uniq_robin
D:5:      layout_basic, minmay_temple_entry_trees, serial_shops, shop,
          dreamdust_gnoll_farm
D:6:      layout_cave_pools, grunt_decor_arrowhead, minmay_small_thing
D:7:      layout_loops_ring, mainiacjoe_overflow_divided_tiny,
          nicolae_overflow_crystal_walls, serial_shops, shop
D:8:      layout_cave_pools, grunt_temple_overflow_opulence, lair_entry_dummy
D:9:      layout_long_grid, minmay_misc_feat_roman, minmay_shop_grid_forest,
          minmay_misc_feat_more_columns, kennysheep_cluttered_room
D:10:     layout_roguey, marbit_many_paths, glass_columns_a
D:11:     layout_basic, uniq_urug, uniq_snorg
D:12:     layout_basic, kennysheep_orc_monster_closet_entryway,
          cheibriados_altar_1

Skill      XL: |  1  2  3  4  5  6  7  8  9 10 11 |
---------------+----------------------------------+-----
Axes           | 3 4 5 6 7 8 10 11 12 | 12.8
Fighting       | 3 4 5 6 7 9 10 | 10.0
Invocations    | 2 4 6 8 10 11 | 11.6
Throwing       | |  1.7
Dodging        | |  2.6

Action                   |  1- 3 |  4- 6 |  7- 9 | 10-12 || total
-------------------------+-------+-------+-------+-------++-------
Melee: War axe           |   104 |   144 |    50 |    42 ||   340
       Punch             |     1 |     1 |       |     2 ||     4
       Touch             |     8 |    26 |     8 |    22 ||    64
       Sling             |       |       |     1 |       ||     1
       Spear             |       |       |       |    23 ||    23
       Bardiche          |       |       |       |    91 ||    91
       Demon trident     |       |       |       |    22 ||    22
 Fire: Sling             |       |       |   224 |    53 ||   277
Throw: Throwing net      |       |     2 |     2 |     2 ||     6
       Javelin           |       |       |       |     1 ||     1
Invok: Upheaval          |       |     2 |     5 |     4 ||    11
       Elemental Force   |       |       |       |     2 ||     2
  Use: Scroll            |       |     6 |     9 |       ||    15
       Potion            |       |       |       |     1 ||     1
Armor: Leather armour    |     5 |       |       |       ||     5
       Scale mail        |    36 |    60 |    54 |       ||   150
       Plate armour      |       |       |    37 |   103 ||   140
Dodge: Dodged            |    63 |    80 |    95 |    43 ||   281
Block: Other             |     5 |    17 |    43 |    39 ||   104

Table legend: (Time is in decaauts)
 A = Elapsed time spent in this place.
 B = Non-inter-level travel time spent in this place.
 C = Inter-level travel time spent in this place.
 D = Time resting spent in this place.
 E = Time spent auto-exploring this place.
 F = Levels seen in this place.
 G = Mean time per level.
                   A        B        C        D        E       F      G
               +--------+--------+--------+--------+--------+-----+--------+
         Total |  13152 |  12849 |    303 |    916 |   9966 |  12 | 1096.0 |
       Dungeon |  13152 |  12849 |    303 |    916 |   9966 |  12 | 1096.0 |
               +--------+--------+--------+--------+--------+-----+--------+

Top non-repeatable levels by time:
    D:11: 1955 daAuts
    D:10: 1338 daAuts
     D:9: 1336 daAuts
     D:4: 1302 daAuts
     D:7: 1171 daAuts
     D:1: 1161 daAuts
     D:3: 1119 daAuts
     D:5: 1009 daAuts
     D:8: 823 daAuts
     D:2: 802 daAuts
     D:6: 717 daAuts
    D:12: 414 daAuts
